 Dungeon Crawl Stone Soup version 0.23.2 (webtiles) character file.

Game seed: 12476936120288972823

345 Jukra the Slasher (level 6, 0/84 HPs)
             Began as a Minotaur Berserker on Mar 30, 2019.
             Was a Believer of Trog.
             Slain by Duvessa
             ... wielding a +1 rapier of flaming
              (3 damage)
             ... on level 4 of the Dungeon on Apr 7, 2019.
             The game lasted 00:17:08 (3276 turns).

Jukra the Slasher (Minotaur Berserker)              Turns: 3276, Time: 00:17:09

Health: 0/84       AC: 11    Str: 28    XL:     6   Next: 32%
Magic:  5/5        EV: 10    Int:  4    God:    Trog [**....]
Gold:   138        SH:  0    Dex: 10    Spells: 5/5 levels left

rFire    . . .     SeeInvis .   a - +0 falchion
rCold    . . .     Gourm    .   (no shield)
rNeg     . . .     Faith    .   u - +0 chain mail
rPois    .         Spirit   .   (helmet restricted)
rElec    .         Reflect  .   m - +0 cloak
rCorr    .         Harm     .   k - +0 pair of gloves
MR       .....                  (no boots)
Stlth    ..........             (no amulet)
HPRegen  0.24/turn              (no ring)
MPRegen  0.09/turn              (no ring)

@: berserking, starving, very quick
A: retaliatory headbutt, horns 2
a: Berserk, Trog's Hand, Renounce Religion


You were on level 4 of the Dungeon.
You worshipped Trog.
Trog was pleased with you.
You were starving.

You visited 1 branch of the dungeon, and saw 4 of its levels.

You collected 138 gold pieces.

Inventory:

Hand Weapons
 a - a +0 falchion (weapon)
Armour
 k - a +0 pair of gloves (worn)
 m - a +0 cloak (worn)
 u - a +0 chain mail (worn)
Jewellery
 n - an uncursed ring of fire
 w - an uncursed ring of fire
Wands
 y - a wand of flame (12)
Scrolls
 e - 4 scrolls of remove curse {unknown}
 h - 5 scrolls of identify {unknown}
 l - 2 scrolls of enchant armour {unknown}
 p - a scroll of noise {unknown}
 q - 4 scrolls of blinking {unknown}
 r - a scroll of enchant weapon {unknown}
 s - a scroll of teleportation {unknown}
 v - a scroll of immolation {unknown}
 x - a scroll of fear {unknown}
Potions
 b - a potion of resistance {unknown}
 d - 4 potions of curing {unknown}
 f - 3 potions of lignification {unknown}
 g - 3 potions of brilliance {unknown}
 i - a potion of haste {unknown}
 j - a potion of cancellation {unknown}
 o - 2 potions of heal wounds {unknown}
 t - a potion of degeneration {unknown}
 z - a potion of agility {unknown}
Comestibles
 c - 7 rations


   Skills:
 + Level 5.2 Fighting
 + Level 6.1 Long Blades
 + Level 4.2 Armour
 + Level 3.4 Dodging
 + Level 0.2 Stealth


You had 5 spell levels left.
You didn't know any spells.
Your spell library was empty.

Dungeon Overview and Level Annotations

Branches:
Dungeon (4/15)
 Temple: D:4-7

Altars:
Kikubaaqudgha
Makhleb
Trog

Annotations:
D:4 Blork the orc, Duvessa


Innate Abilities, Weirdness & Mutations

You reflexively headbutt those who attack you in melee.
You have a pair of horns on your head.


Message History

Blork the orc mumbles some strange words.
Blork the orc seems to speed up.
You barely miss Duvessa. Your headbutt misses Duvessa.
Duvessa is moderately wounded.
Duvessa closely misses you. You furiously retaliate!
You headbutt Duvessa!! You barely miss Duvessa.
Duvessa is severely wounded.
Duvessa hits you but does no damage.
You closely miss Duvessa. Your headbutt misses Duvessa.
Duvessa is severely wounded.
Duvessa hits you with a +1 rapier of flaming!
* * * LOW HITPOINT WARNING * * *
Duvessa burns you.
* * * LOW HITPOINT WARNING * * *
You hit Duvessa. Your headbutt misses Duvessa.
Duvessa is almost dead.
Duvessa hits you with a +1 rapier of flaming!
* * * LOW HITPOINT WARNING * * *
Duvessa burns you.
You die...

++..####.....#...#..........
..# +....†#...#######.###
.###+ #....##.......# #.#
..e....#.... #.......# #>#
...e...#.... ####....# #.#
.......#.... #(...# #.###
.......##########....# #....
...._................###....
.......o..e@...).....'.'....
.....................###....
....8................# #....
.....................# #....
.....................# #....
...._................# #....
.....................# #....
#######..............# #....
#..........##### #....


You could see Duvessa (berserk) and Blork the orc.

Vanquished Creatures
  Dowan (D:4)
  Crazy Yiuf (D:3)
  Natasha (D:4)
  An iguana (D:3)
  3 worker ants (D:4)
  A hound skeleton (D:4)
  5 adders
  An ooze (D:1)
  An adder skeleton (D:4)
  4 worms
  A dart slug (D:3)
  2 leopard geckos
  2 giant cockroaches (D:3)
  7 goblins
  4 hobgoblins
  9 jackals
  3 quokkas (D:3)
  A ball python (D:3)
  11 bats
  4 frilled lizards (D:1)
  6 kobolds
  4 rats
73 creatures vanquished.

Notes
Turn   | Place    | Note
-------+----------+-------------------------------------------
     0 | D:1      | Jukra the Minotaur Berserker began the quest for the Orb.
     0 | D:1      | Reached XP level 1. HP: 19/19 MP: 0/0
   207 | D:1      | Reached XP level 2. HP: 27/27 MP: 1/1
   209 | D:1      | Reached skill level 4 in Long Blades
   532 | D:1      | Reached ** piety under Trog
   532 | D:1      | Reached XP level 3. HP: 30/33 MP: 2/2
  1457 | D:2      | Found a bloodstained altar of Trog.
  1474 | D:2      | Upgraded the game from 0.23.1-44-gbd83930989 to 0.23.2
  1793 | D:3      | Reached skill level 5 in Long Blades
  1793 | D:3      | Reached XP level 4. HP: 24/41 MP: 3/3
  2226 | D:3      | Reached XP level 5. HP: 46/47 MP: 4/4
  2312 | D:3      | Found a runed translucent door.
  2313 | D:3      | Noticed Crazy Yiuf
  2345 | D:3      | Killed Crazy Yiuf
  2719 | D:4      | Noticed Natasha
  2726 | D:4      | Reached skill level 5 in Fighting
  2732 | D:4      | Killed Natasha
  2750 | D:4      | Reached skill level 6 in Long Blades
  2750 | D:4      | Reached XP level 6. HP: 29/56 MP: 5/5
  3237 | D:4      | Found a burning altar of Makhleb.
  3237 | D:4      | Found an ancient bone altar of Kikubaaqudgha.
  3241 | D:4      | Noticed Dowan
  3241 | D:4      | Noticed Duvessa
  3259 | D:4      | Killed Dowan
  3271 | D:4      | Noticed Blork the orc
  3276 | D:4      | HP: 3/84 [Duvessa/+1 rapier of flaming (10)]
  3276 | D:4      | Slain by Duvessa

Skill      XL: |  1  2  3  4  5  6 |
---------------+-------------------+-----
Long Blades    | 4 5 6 |  6.1
Fighting       | 4 5 |  5.2
Dodging        | 3 |  3.4
Armour         | 3 4 |  4.2
Stealth        | |  0.2

Action                   |  1- 3 |  4- 6 || total
-------------------------+-------+-------++-------
Melee: Falchion          |    66 |   110 ||   176
       Headbutt          |    14 |    20 ||    34
Invok: Berserk           |       |     2 ||     2
  Eat: Chunk             |     3 |     1 ||     4
       Ration            |       |     1 ||     1
Armor: Animal skin       |    16 |       ||    16
       Ring mail         |     5 |       ||     5
       Chain mail        |       |    63 ||    63
Dodge: Dodged            |    48 |    43 ||    91
       Rpst.: Falchion   |    14 |    12 ||    26
